 Dungeon Crawl Stone Soup version 0.13-a0-421-gf219b42 (console) character file.

185 Xyzyx the Shooter (level 5, 0/34 HPs)
             Began as a Halfling Hunter on Apr 23, 2013.
             Slain by an orc
             ... wielding a +0,+0 orcish club
              (5 damage)
             ... on Level 3 of the Dungeon.
             The game lasted 00:46:45 (3319 turns).

Xyzyx the Shooter (Halfling Hunter)                 Turns: 3319, Time: 00:46:45

HP   0/34        AC  3     Str  9      XL: 5   Next:  4%
MP   4/4         EV 15     Int 11      God:
Gold 84          SH  0     Dex 18      Spells:  0 memorised,  4 levels left

Res.Fire  : . . .   See Invis. : .   A - -2,-1 orc dagger (curse)
Res.Cold  : . . .   Warding    : .   v - +0 elf leather armour
Life Prot.: . . .   Conserve   : .   (no shield)
Res.Poison: .       Res.Corr.  : .   (no helmet)
Res.Elec. : .       Clarity    : .   (no cloak)
Sust.Abil.: . .     Spirit.Shd : .   (no gloves)
Res.Mut.  : .       Stasis     : .   (no boots)
Res.Rott. : .       Ctrl.Telep.: .   (no amulet)
Saprovore : . . .   Flight     : .   (no ring)
                                     (no ring)

@: slightly resistant to hostile enchantments, fairly stealthy
A: mutation resistance 1, slow metabolism 1
a: no special abilities


You were on level 3 of the Dungeon.
You were not hungry.

You visited 1 branch of the dungeon, and saw 3 of its levels.

You collected 64 gold pieces.

Inventory:

Hand weapons
 a - a +0,+0 short sword
 b - a +1,+1 bow
 e - a +1,+1 dwarven dagger
 h - a +1,+0 dwarven short sword
 l - a +0,+0 club
 m - a +0,+0 short sword
 n - a +0,+0 sling
 o - a +1,+1 dwarven short sword
 p - a +0,+1 orcish club
 r - a +1,+2 whip of reaching
 s - a +1,+0 orcish whip
 A - a cursed -2,-1 orcish dagger (weapon)
 B - a +1,+1 dwarven hand axe
 C - a +0,+0 sling
 E - a +0,+0 dagger
 I - a cursed -2,-1 orcish club
Missiles
 c - 49 arrows
 g - 77 stones
 x - 37 darts (quivered)
Armour
 d - a +0 leather armour
 k - a +0 robe
 t - a +0 orcish scale mail
 v - a +0 elven leather armour (worn)
 F - a +0 animal skin
Magical devices
 u - a wand of disintegration (9) {unknown}
Comestibles
 f - 2 bread rations
 G - a pear
 J - a chunk of giant newt flesh
 K - 2 chunks of hobgoblin flesh
Scrolls
 j - a scroll of fog {unknown}
 q - a scroll of fear {unknown}
 w - a scroll of random uselessness {unknown}
 y - 2 scrolls of remove curse {unknown}
 H - a scroll of noise {unknown}
Potions
 z - a potion of speed {unknown}
 D - 2 potions of curing {unknown}


   Skills:
 + Level 1.0 Fighting
 + Level 0.6 Short Blades
 + Level 6.1 Bows
 + Level 0.7 Armour
 + Level 3.5 Dodging
 + Level 1.9 Stealth
 + Level 0.2 Traps


You had 4 spell levels left.
You didn't know any spells.

Dungeon Overview and Level Annotations

Branches:
Dungeon (3/27)

Altars:


Innate Abilities, Weirdness & Mutations

You are small and have problems with some larger weapons.
You are somewhat resistant to further mutation.
You have a slow metabolism.


Message History

You barely miss the orc.
The orc is lightly wounded.
The orc hits you with an orcish club!
* * * LOW HITPOINT WARNING * * *
You see here a giant newt skeleton.
There is an open door here.
The orc barely misses you.
There is an open door here.
You open the door.
There is an open door here.
The orc closely misses you.
A giant cockroach comes into view.
A giant cockroach comes into view.
The orc hits you but does no damage. The orc hits you with an orcish club.
* * * LOW HITPOINT WARNING * * *
There is an open door here.
There is an open door here.
You open the door. The orc hits you with an orcish club.
You die...

...........# ###### #.#
...........#### #.#
..............# #.#
########......# #.#
..............## #.#
#######....#...###### ########.#
# #....#...#....# #........#
########'###...#.s..####........#
'..........'...'@o.s'..'.......>.
########.###...#....####....≈≈..#
########'###...#...........≈⌠...#
##.........#...#.....#####.≈.≈..#
++.........#...#.....#...#......#
##.........#...#.....#.#.###..#.#
...........#..o#.....#.#.# ##.#.#
##.........#...#.....#.#.# #.#.#
.'.........###.........#.# #.#.#


You could see an orc and 2 giant cockroaches.

Vanquished Creatures
  An adder (D:2)
  2 gnolls (D:1)
  A giant mite (D:1)
  2 worms (D:3)
  3 giant geckos
  5 giant cockroaches
  7 hobgoblins
  3 jackals (D:2)
  4 kobolds
  5 bats
  3 giant newts
  9 goblins
  A quokka (D:2)
  8 rats
54 creatures vanquished.

Vanquished Creatures (others)
  A rat (D:3)
1 creature vanquished.

Grand Total: 55 creatures vanquished

Notes
Turn   | Place    | Note
--------------------------------------------------------------
     0 | D:1      | Xyzyx, the Halfling Hunter, began the quest for the Orb.
     0 | D:1      | Reached XP level 1. HP: 14/14 MP: 0/0
   280 | D:1      | Reached skill level 5 in Bows
   417 | D:1      | Reached XP level 2. HP: 19/19 MP: 1/1
   632 | D:1      | Reached XP level 3. HP: 10/24 MP: 2/2
  1070 | D:1      | Reached skill level 6 in Bows
  1245 | D:2      | Reached XP level 4. HP: 29/29 MP: 3/3
  1698 | D:2      | Reached skill level 1 in Fighting
  2974 | D:3      | Reached XP level 5. HP: 34/34 MP: 4/4
  3319 | D:3      | Slain by an orc

Action                   |  1- 3 |  4- 6 || total
-------------------------+-------+-------++-------
Melee: Bow               |     9 |       ||     9
       Short sword       |    10 |    42 ||    52
       Dagger            |     4 |    94 ||    98
 Fire: Bow               |    43 |    29 ||    72
Throw: Stone             |     7 |     9 ||    16
  Use: Scroll            |     2 |     2 ||     4
       Potion            |     1 |     2 ||     3
 Stab: Sleeping          |       |     2 ||     2
